 Dungeon Crawl Stone Soup version 0.31.0-11-ge490571c62 (webtiles) character file.

Game seed: 1772223935062738439

1858 bearlyready the Grappler (level 9, -2/53 HPs)
             Began as an Octopode Shapeshifter on Feb 7, 2024.
             Was an Initiate of Gozag.
             Slain by an ice beast (10 damage)
             ... on level 6 of the Dungeon.
             The game lasted 00:09:02 (4791 turns).

bearlyready the Grappler (Octopode Shapeshifter)    Turns: 4791, Time: 00:09:02

Health: -2/53      AC:  1    Str: 17    XL:     9   Next: 13%
Magic:  9/9        EV: 13    Int: 19    God:    Gozag
Gold:   529        SH:  0    Dex: 11    Spells: 8/8 levels left

rFire   . .          .
                       - Unarmed
rCold   . . .        (no shield)
rNeg    . . .        (helmet currently unavailable)
rPois   .            y - amulet of the acrobat
rElec   .            m - +6 ring of intelligence
rCorr   .            n - ring of flight
SInv    .            (no ring)
Will    +....        (no ring)
Stlth   ++           (no ring)
HPRegen 0.28/turn    (no ring)
MPRegen 0.11/turn    (no ring)
                     (no ring)

%: acrobat
@: beast-form, enlightened, flying
A: beast (slay +4), almost no armour, amphibious, 8 rings, camouflage 1,
gelatinous body 1, (nimble swimmer 1), tentacles, evolution 1
a: Begin Untransformation, Renounce Religion, Potion Petition, Call Merchant,
Bribe Branch


You were on level 6 of the Dungeon.
You worshipped Gozag.
Gozag was pleased with you.
You were a hulking beast.
You visited 2 branches of the dungeon, and saw 7 of its levels.

You collected 584 gold pieces.
You paid 55 gold pieces to Gozag.

Inventory:

Hand Weapons
 t - a +1 whip of venom
 z - the +1 short sword of the Wasteland {elec, rElec}
   (You found it on level 5 of the Dungeon)

   rElec:     It insulates you from electricity.
Missiles
 k - a throwing net
 l - 65 stones
 o - 15 poisoned darts
 u - 3 boomerangs (quivered)
Armour
 j - an orb of wrath
 C - a +0 buckler
Jewellery
 m - a +6 ring of intelligence (left tentacle)
 n - a ring of flight (right tentacle)
 y - an amulet of the acrobat (around mantle)
 E - a ring of ice
Talismans
 b - a beast talisman
 c - a flux talisman
Wands
 s - a wand of quicksilver (15)
Scrolls
 a - a scroll of poison {unknown}
 d - 7 scrolls of identify {unknown}
 e - a scroll of torment {unknown}
 g - 4 scrolls of teleportation {unknown}
 i - a scroll of vulnerability {unknown}
 p - 2 scrolls of fear {unknown}
 v - a scroll of fog {unknown}
 D - a scroll of acquirement {unknown}
 F - a scroll of revelation {unknown}
Potions
 f - a potion of ambrosia {unknown}
 h - a potion of haste {unknown}
 r - a potion of enlightenment
 x - a potion of invisibility {unknown}
 A - a potion of attraction {unknown}
 B - a potion of degeneration {unknown}
 G - a potion of magic {unknown}


   Skills:
 - Level 1.0 Fighting
 - Level 2.0 Dodging
 * Level 9.0 Unarmed Combat
 + Level 7.9 Shapeshifting


You had 8 spell levels left.
You didn't know any spells.
Your spell library contained the following spells:

 Spells                   Type           Power      Damage    Failure   Level
 Apportation              Tloc           0%         N/A       21%         1
 Blink                    Tloc           0%         N/A       30%         2
 Cigotuvi's Dreadful Rot  Necr/Alch/Air  0%         N/A       30%         2
 Jinxbite                 Hex            0%         N/A       30%         2
 Lesser Beckoning         Tloc           0%         N/A       30%         2
 Momentum Strike          Conj/Tloc      0%         3d8       30%         2
 Gell's Gravitas          Tloc           0%         N/A       52%         3
 Teleport Other           Tloc           0%         N/A       52%         3
 Ignite Poison            Fire/Alch      0%         N/A       90%         4
 Alistair's Intoxication  Alch           0%         N/A       99%         5
 Freezing Cloud           Conj/Ice/Air   0%         6-21      99%         5
 Yara's Violent Unravell  Hex/Alch       0%         3d3       99%         5
 Enfeeble                 Hex            0%         N/A       100%        7


Dungeon Overview and Level Annotations

Branches:
Dungeon (6/15)             Temple (1/1) D:4

Altars:
Cheibriados
Dithmenos
Elyvilon
Fedhas
Gozag
Hepliaklqana
Kikubaaqudgha
Makhleb
Nemelex Xobeh
Okawaru
Qazlal
Ru
Trog
Wu Jian
Xom
Yredelemnul
The Shining One

Shops:
D:1 ?


Innate Abilities, Weirdness & Mutations

You are a hulking beast.
Your limbs bulge with bestial killing power. (Slay +4)
You cannot wear most types of armour.
You are amphibious.
You can wear up to eight rings at the same time.
Your skin changes colour to match your surroundings (Stealth+).
Your rubbery body absorbs attacks. (AC +1, EV +1)
((You are camouflaged when in or above water. (Stealth+)))
You have tentacles for arms and can constrict up to eight enemies at once.
You have hidden genetic potential.


Message History

The ice beast hits you. The ice beast freezes you!
You barely miss the ice beast. Your squeeze misses the ice beast.
The ice beast is lightly wounded.
The ice beast barely misses you.
You tentacle-slap the ice beast.
The ice beast is moderately wounded.
The ice beast hits you. The ice beast freezes you!
* * * LOW HITPOINT WARNING * * *
Okay, then.
You feel better. The ice beast closely misses you.
Aiming: Quicksilver Bolt
Press: ? - help, Shift-Dir - straight line, f - ice beast
Aim: an ice beast (moderately wounded, 71% to hit)
The bolt of dispelling energy misses the ice beast.
The ice beast closely misses you.
Aiming: Quicksilver Bolt
Press: ? - help, Shift-Dir - straight line, f/p - ice beast
Aim: an ice beast (moderately wounded, 71% to hit)
The bolt of dispelling energy hits the ice beast.
The ice beast is heavily wounded.
The ice beast hits you.
* * * LOW HITPOINT WARNING * * *
The ice beast freezes you!
* * * LOW HITPOINT WARNING * * *
You feel better. The ice beast hits you.
* * * LOW HITPOINT WARNING * * *
The ice beast freezes you!
* * * LOW HITPOINT WARNING * * *
You feel better. The ice beast barely misses you.
It was a potion of enlightenment.
You feel more buoyant. The ice beast barely misses you.
It was a potion of mutation.
You feel extremely strange.
You feel frail.
You feel robust.
You feel a hidden potential growing inside you.
The ice beast hits you.
* * * LOW HITPOINT WARNING * * *
The ice beast freezes you!
You die...
Your body crumbles into a pile of gold.

..............##.#.....
......###.....##.....#
......##.......#....##
.....................#
.##.............#
##............#
##...........#
##.##.......# ##
#..h....# #..Y....#
#..>....# #.$.....#
#########


You could see an ice beast.

Vanquished Creatures
  Pikel (D:5)
  A steam dragon (D:6)
  2 ice beasts
  A black bear (D:6)
  A kobold brigand (D:6)
  A scorpion (D:4)
  3 wights (D:6)
  A howler monkey (D:6)
  4 bombardier beetles
  A gnoll bouda (D:4)
  A hound (D:6)
  A jelly (D:4)
  An orc priest (D:6)
  4 iguanas
  2 orc wizards (D:6)
  A sleepcap (D:5)
  9 gnolls
  8 adders
  A shadow imp (D:6)
  A white imp (D:5)
  A ribbon worm (D:2)
  A dart slug (D:1)
  8 orcs
  9 endoplasms
  A giant cockroach (D:1)
  6 goblins
  7 hobgoblins
  3 jackals (D:1)
  6 kobolds
  3 quokkas
  7 ball pythons
  9 bats
  5 frilled lizards
  5 rats
116 creatures vanquished.

Notes
Turn   | Place    | Note
-------+----------+-------------------------------------------
     0 | D:1      | bearlyready the Octopode Shapeshifter began the quest for
                  | the Orb.
     0 | D:1      | Reached XP level 1. HP: 13/13 MP: 1/1
   109 | D:1      | Reached XP level 2. HP: 18/18 MP: 2/2
   128 | D:1      | Found Xaqi's Magic Scroll Emporium.
   447 | D:1      | Reached XP level 3. HP: 14/23 MP: 3/3
   972 | D:2      | Reached skill level 4 in Unarmed Combat
   972 | D:2      | Reached XP level 4. HP: 24/28 MP: 4/4
  1871 | D:3      | Reached XP level 5. HP: 21/33 MP: 5/5
  2061 | D:4      | Reached skill level 5 in Unarmed Combat
  2144 | D:4      | Reached XP level 6. HP: 12/38 MP: 6/6
  2317 | D:4      | Found a staircase to the Ecumenical Temple.
  2336 | Temple   | Entered the Ecumenical Temple
  2358 | Temple   | Became a worshipper of Gozag Ym Sagoz the Greedy
  2386 | D:4      | Reached skill level 5 in Shapeshifting
  3096 | D:4      | Found a stormy altar of Qazlal.
  3239 | D:5      | Entered Level 5 of the Dungeon
  3266 | D:5      | Identified the +1 short sword of the Wasteland {elec,
                  | rElec}
  3396 | D:5      | Noticed Pikel
  3413 | D:5      | Killed Pikel
  3414 | D:5      | Reached skill level 6 in Unarmed Combat
  3414 | D:5      | Reached XP level 7. HP: 31/43 MP: 7/7
  3414 | D:5      | Reached XP level 8. HP: 35/48 MP: 8/8
  3525 | D:5      | Reached skill level 7 in Unarmed Combat
  4468 | D:6      | Reached skill level 8 in Unarmed Combat
  4654 | D:6      | Reached XP level 9. HP: 53/53 MP: 9/9
  4717 | D:6      | Reached skill level 9 in Unarmed Combat
  4788 | D:6      | HP: 2/53 [ice beast (8)]
  4791 | D:6      | Gained mutation: You are frail. (-10% HP) [potion of
                  | mutation]
  4791 | D:6      | Lost mutation: You are frail. (-10% HP) [potion of
                  | mutation]
  4791 | D:6      | Gained mutation: You have hidden genetic potential. [potion
                  | of mutation]
  4791 | D:6      | Slain by an ice beast

Illustrated notes

Levels and vault maps discovered:
D:1:      onia_arrival_pyramid, layout_loops_ring, serial_shops,
          nicolae_shop_tiny_glass, minivault_26
D:2:      layout_basic
D:3:      layout_loops_cross
D:4:      layout_basic, nicolae_qazlal_general_emergency,
          minmay_temple_entry_drinking_statues
D:5:      layout_basic, uniq_pikel
D:6:      kennysheep_spiral_hall, layout_rooms
Temple:   minmay_temple_bridge_d

Skill      XL: |  1  2  3  4  5  6  7  8  9 |
---------------+----------------------------+-----
Unarmed Combat | 4 5 6 8 9 |  9.0
Shapeshifting  | 4 6 7 |  7.9
Fighting       | |  1.0
Dodging        | |  2.0

Action                     |  1- 3 |  4- 6 |  7- 9 || total
---------------------------+-------+-------+-------++-------
  Melee: Unarmed           |    81 |    37 |    79 ||   197
         Constrict         |     8 |    24 |    22 ||    54
         Punch             |     2 |     5 |     9 ||    16
         Tentacles         |     5 |    22 |    28 ||    55
         Whip              |       |    56 |       ||    56
         Short sword       |       |       |     9 ||     9
  Throw: Dart              |       |     6 |       ||     6
         Boomerang         |       |       |     4 ||     4
  Evoke: Wand              |       |       |     2 ||     2
    Use: Potion            |       |     1 |     8 ||     9
   Stab: Sleeping          |     4 |     6 |     3 ||    13
 Armour: Skin              |    38 |    40 |    39 ||   117
  Dodge: Dodged            |    45 |    50 |    45 ||   140
